 Dungeon Crawl Stone Soup version 0.25-a0-597-gb30770a0c0 (webtiles) character file.

Game seed: 4981960943467526944, levelgen mode: deterministic

7000 GenChuck the Basher (level 11, -1/60 HPs)
             Began as a Tengu Fighter on Mar 13, 2020.
             Was a Priest of Wu Jian.
             Slain by an unseen horror (5 damage)
             ... on level 11 of the Dungeon on Mar 15, 2020.
             The game lasted 02:01:02 (14780 turns).

GenChuck the Basher (Tengu Fighter)                Turns: 14780, Time: 02:01:02

Health: -1/60      AC:  6    Str: 18    XL:     11   Next: 8%
Magic:  12/12      EV:  8    Int:  8    God:    Wu Jian [***...]
Gold:   81         SH: 15    Dex: 20    Spells: 10/10 levels left

rFire    . . .     SeeInvis .   y - +5 whip (vamp)
rCold    . . .     Gourm    .   c - +0 kite shield
rNeg     . . .     Faith    .   b - +0 scale mail
rPois    .         Spirit   .   (helmet restricted)
rElec    .         Reflect  +   (no cloak)
rCorr    .         Harm     .   (no gloves)
MR       .....                  (boots unavailable)
Stlth    +.........             a - +4 amulet of reflection
HPRegen  0.20/turn              h - +4 ring of dexterity
MPRegen  0.13/turn              E - ring of stealth

@: no status effects
A: beak, talons 3, able to fly
a: Fly, Wall Jump, Serpent's Lash, Renounce Religion


You were on level 11 of the Dungeon.
You worshipped Wu Jian.
Wu Jian was most pleased with you.
You were not hungry.

You visited 2 branches of the dungeon, and saw 12 of its levels.
You also visited: Sewer and Ossuary.

You collected 405 gold pieces.
You spent 324 gold pieces at shops.

Inventory:

Hand Weapons
 k - a +3 vorpal hunting sling
 r - a +2 dagger of draining
 y - a +5 vampiric whip (weapon)
 A - the +4 long sword "Unacyruf" {flame, rElec MP+9, unknown}
   (You found it on level 11 of the Dungeon)

   It has been specially enchanted to burn those struck by it, causing extra
   injury to most foes and up to half again as much damage against particularly
   susceptible opponents.
   Big, fiery blades are also staple armaments of hydra-hunters.
   It insulates you from electricity.
   It affects your magic capacity (+9).
Missiles
 o - 2 boomerangs (quivered)
 F - 2 poisoned darts
Armour
 b - a +0 scale mail (worn)
 c - a +0 kite shield (worn)
Jewellery
 a - a +4 amulet of reflection (around neck)
 h - a +4 ring of dexterity (left hand)
 E - a ring of stealth (right hand)
Wands
 w - a wand of iceblast (5)
 B - a wand of polymorph (12)
 C - a wand of flame (47)
Scrolls
 e - a scroll of amnesia {unknown}
 i - 2 scrolls of fear
 n - 2 scrolls of fog
 p - 2 scrolls of holy word
 s - 5 scrolls of remove curse
 t - 7 scrolls of teleportation
 x - 2 scrolls of blinking
 I - a scroll of enchant weapon
 J - 2 scrolls of magic mapping
Potions
 d - a potion of might
 f - 2 potions of magic
 g - 2 potions of haste {unknown}
 j - 2 potions of stabbing
 l - a potion of flight {unknown}
 q - 2 potions of degeneration {unknown}
 u - a potion of lignification {unknown}
 v - 2 potions of ambrosia {unknown}
 z - 3 potions of brilliance
 D - 3 potions of mutation
 G - a potion of cancellation {unknown}
 H - 2 potions of heal wounds {unknown}
Comestibles
 m - 14 rations


   Skills:
 - Level 3.0 Fighting
 - Level 8.0 Short Blades
 - Level 12.0 Maces & Flails
 - Level 3.2 Armour
 + Level 7.6 Shields
 * Level 8.0 Unarmed Combat


You had 10 spell levels left.
You didn't know any spells.
Your spell library contained the following spells:

 Spells                   Type           Power        Failure   Level  Hunger
 Corona                   Hex            #......      98%         1    ##.....
 Magic Dart               Conj           #...         98%         1    ##.....
 Blink                    Tloc           N/A          99%         2    ###....
 Call Imp                 Summ           #.......     99%         2    ###....
 Ensorcelled Hibernation  Hex/Ice        #.....       99%         2    ###....
 Searing Ray              Conj           #.....       99%         2    ###....
 Slow                     Hex            #.......     99%         2    ###....
 Confusing Touch          Hex            #.......     100%        3    ####...
 Conjure Flame            Conj/Fire      #.......     100%        3    ####...
 Dazzling Flash           Conj/Hex       #.....       100%        3    ####...
 Mephitic Cloud           Conj/Pois/Air  #.......     100%        3    ####...
 Tukima's Dance           Hex            #.......     100%        3    ####...
 Fulminant Prism          Conj/Hex       #.........   100%        4    #####..
 Iskenderun's Mystic Bla  Conj/Tloc      #.......     100%        4    #####..


Dungeon Overview and Level Annotations

Branches:
Dungeon (11/15)            Temple (1/1) D:7            Lair (0/6) D:11
  Sewer (visited)         Ossuary (visited)
    Orc: D:9-12

Altars:
Ashenzari
Cheibriados
Dithmenos
Elyvilon
Fedhas
Gozag
Hepliaklqana
Kikubaaqudgha
Makhleb
Nemelex Xobeh
Okawaru
Qazlal
Ru
Sif Muna
Trog
Uskayaw
Vehumet
Wu Jian
Xom
Yredelemnul
Zin
The Shining One

Shops:
D:8 %   D:9 =


Innate Abilities, Weirdness & Mutations

You have a beak for a mouth.
You have claws for feet.
You can fly continuously.


Message History

Something hits you but does no damage.
You miss something. You claw something. Something hits you.
* * * LOW HITPOINT WARNING * * *
You closely miss something. Your kick misses something.
Something hits you but does no damage. Something hits you but does no damage.
You hit something.
You feel better.
You claw something. Something hits you.
* * * LOW HITPOINT WARNING * * *
Something hits you but does no damage. x2
Something hits you!
* * * LOW HITPOINT WARNING * * *
You hit something. Your kick misses something. Your peck misses something.
Something hits you.
* * * LOW HITPOINT WARNING * * *
Something hits you.
* * * LOW HITPOINT WARNING * * *
Something hits you.
* * * LOW HITPOINT WARNING * * *
Something hits you.
You die...

........##.###.....)....###.#
...##.........##....###.....#
#.....[#####.......###..(.>#
......#<.#
####.<..>.#.....#####
.......#.# #....#............
.....#. .##
#.####..#......... .....#.
.... #.# ##>#.......$. ....
#. ..#.# #{# #.....%.....
.... .. #....###@#
###...)..P.. #.
.........#######.##.♣..PP
###.....<..........P..(..
..........##.............
###...##....###........P.
#... #..#..(#.(........ ##.#
##.....(.(#...P... #.
###<........P...) #.
##...........P...


There were no monsters in sight!

Vanquished Creatures
  2 trolls
  Grinder (D:6)
  A hippogriff (D:9)
  A spriggan (D:8)
  A wyvern (D:9)
  A wraith (D:11)
  4 yaks (D:10)
  3 hungry ghosts
  Edmund (D:6)
  Menkaure (D:6)
  2 soldier ants
  3 porcupines (D:11)
  A phantom (D:10)
  2 ice beasts
  3 black bears
  A necrophage (D:10)
  4 ogres
  A wolf (D:10)
  2 centaurs
  4 crocodiles
  An elf zombie (D:7)
  5 big kobolds (Sewer)
  6 bullfrogs
  2 elf skeletons (D:7)
  2 scorpions (D:11)
  A howler monkey (D:5)
  2 crimson imps
  2 centaur zombies (Ossuary)
  A quasit (D:7)
  3 hounds
  4 orc wizards
  A gnoll shaman (D:9)
  2 orc priests
  A bullfrog skeleton (D:11)
  5 iguanas
  Terence (D:3)
  9 worker ants
  2 big kobold zombies (Ossuary)
  5 mummies (Ossuary)
  A hound skeleton (D:9)
  A worker ant zombie (D:7)
  10 gnolls
  13 adders
  2 river rats (Sewer)
  3 shadow imps
  3 oozes (Sewer)
  An adder skeleton (D:7)
  12 worms
  3 dart slugs
  3 leopard geckos
  27 orcs
  9 bats
  7 giant cockroaches
  7 goblins
  10 hobgoblins
  13 jackals
  10 kobolds
  3 quokkas
  4 ball pythons
  3 frilled lizards
  2 hobgoblin zombies (Ossuary)
  A leopard gecko zombie (D:6)
  2 orc skeletons (D:7)
  An orc zombie (D:7)
  11 rats
256 creatures vanquished.

Vanquished Creatures (others)
  A fungus (D:11)
1 creature vanquished.

Grand Total: 257 creatures vanquished

Notes
Turn   | Place    | Note
-------+----------+-------------------------------------------
     0 | D:1      | GenChuck the Tengu Fighter began the quest for the Orb.
     0 | D:1      | Reached XP level 1. HP: 14/14 MP: 2/2
   194 | D:1      | Reached XP level 2. HP: 18/19 MP: 3/3
   621 | D:1      | Reached XP level 3. HP: 14/23 MP: 4/4
  1495 | D:2      | Reached XP level 4. HP: 27/28 MP: 5/5
  2102 | D:3      | You fall into a shaft and drop 2 floors!
  2102 | D:5      | Entered Level 5 of the Dungeon
  2115 | D:5      | Noticed an ice beast
  2118 | D:5      | Noticed an ogre
  2153 | D:4      | Noticed an ogre
  2158 | D:4      | Reached skill level 5 in Short Blades
  2163 | D:4      | Killed an ogre
  2163 | D:4      | Gained mutation: You can fly continuously. [Tengu growth]
  2163 | D:4      | Reached XP level 5. HP: 7/32 MP: 6/6
  2852 | D:3      | Reached XP level 6. HP: 19/37 MP: 7/7
  3107 | D:3      | Found a blossoming altar of Fedhas.
  3239 | D:3      | Found an opulent altar of Gozag.
  3363 | D:3      | Noticed Terence
  3371 | D:3      | Killed Terence
  4109 | D:4      | Found an ornate altar of the Wu Jian Council.
  4364 | D:2      | Reached XP level 7. HP: 16/41 MP: 8/8
  4593 | D:4      | Found a hazy altar of Hepliaklqana.
  4877 | D:5      | Reached skill level 1 in Maces & Flails
  4877 | D:5      | Reached skill level 1 in Unarmed Combat
  4912 | D:5      | Reached skill level 2 in Maces & Flails
  5097 | D:5      | Found a stormy altar of Qazlal.
  5618 | D:4      | Became a worshipper of the Wu Jian Council
  5833 | D:6      | Reached skill level 3 in Maces & Flails
  5945 | D:6      | Noticed Grinder
  5994 | D:6      | Noticed Edmund
  6017 | D:6      | Killed Edmund
  6017 | D:6      | Reached XP level 8. HP: 23/46 MP: 9/9
  6021 | D:6      | Reached skill level 4 in Maces & Flails
  6244 | D:6      | Noticed Menkaure
  6247 | D:6      | Killed Menkaure
  6247 | D:6      | Reached skill level 5 in Maces & Flails
  6410 | D:6      | Found a glowing drain.
  6435 | Sewer    | Entered a sewer
  6763 | Sewer    | Reached skill level 5 in Unarmed Combat
  6826 | Sewer    | Reached skill level 6 in Maces & Flails
  6974 | Sewer    | Reached * piety under Wu Jian
  7504 | D:6      | Paralysed by Grinder for 7 turns
  7518 | D:6      | Killed Grinder
  7518 | D:6      | Reached skill level 7 in Maces & Flails
  7518 | D:6      | Reached XP level 9. HP: 28/50 MP: 10/10
  7662 | D:6      | Found a basalt altar of Yredelemnul.
  8163 | D:7      | Reached skill level 8 in Maces & Flails
  8235 | D:7      | Found a staircase to the Ecumenical Temple.
  8240 | Temple   | Entered the Ecumenical Temple
  8435 | D:7      | Found a sand-covered staircase.
  8525 | Ossuary  | Entered an ossuary
  8540 | Ossuary  | Reached skill level 9 in Maces & Flails
  8567 | Ossuary  | Reached ** piety under Wu Jian
  9193 | D:8      | Found Pev Yxen's Food Shop.
  9756 | D:8      | Found a shadowy altar of Dithmenos.
  9934 | D:8      | Reached skill level 10 in Maces & Flails
 10258 | D:9      | Reached XP level 10. HP: 53/56 MP: 11/11
 10942 | D:9      | Reached skill level 11 in Maces & Flails
 11054 | D:9      | Found a burning altar of Makhleb.
 11142 | D:9      | Found Acsuor's Jewellery Shop.
 11145 | D:9      | Bought a +4 amulet of reflection for 324 gold pieces
 11223 | D:9      | Upgraded the game from 0.25-a0-589-g1e14c549ee to
                  | 0.25-a0-597-gb30770a0c0
 11224 | D:10     | Entered Level 10 of the Dungeon
 11884 | D:10     | Reached skill level 12 in Maces & Flails
 11884 | D:10     | Reached skill level 5 in Shields
 13273 | D:11     | Reached *** piety under Wu Jian
 13323 | D:11     | Found a staircase to the Lair.
 13664 | D:11     | Got a faintly glowing long sword
 13768 | D:11     | Reached XP level 11. HP: 54/60 MP: 12/12
 13948 | D:11     | HP: 3/60 [something (2)]
 14780 | D:11     | Slain by an unseen horror

Levels and vault maps discovered:
D:1:      elethiomel_arrival_quiet, layout_rooms, minmay_misc_feat_four_crosses,
          minmay_ruptured
D:2:      layout_basic
D:3:      layout_basic, marbit_many_paths, old_standard_altar, uniq_terence
D:4:      layout_basic, lemuel_round_altar, overflow_temple_1_default
D:5:      layout_cave_pools, first_ration, grunt_qazlal_clouds
D:6:      layout_rooms, lemuel_round_altar, portal_sewer_entry_b, uniq_edmund,
          uniq_menkaure, uniq_grinder
D:7:      layout_loops_ring, temple_doors_cd, nicolae_ossuary_entry_catacombs
D:8:      layout_cave_pods, kennysheep_little_box, serial_shops,
          nicolae_shop_competitors_out_of_business, grunt_pizzeria
D:9:      layout_loops_ring, kennysheep_mini, serial_shops, shop
D:10:     layout_long_grid
D:11:     layout_rooms, minmay_lair_entry_grove
Temple:   minmay_freezing_vapour_temple

Skill      XL: |  1  2  3  4  5  6  7  8  9 10 11 |
---------------+----------------------------------+-----
Short Blades   | 3 4 6 7 8 |  8.0
Maces & Flails | 3 7 10 12 | 12.0
Unarmed Combat | 3 5 6 7 8 |  8.0
Shields        | 4 7 |  7.6
Fighting       | |  3.0
Armour         | |  3.2

Action                   |  1- 3 |  4- 6 |  7- 9 | 10-12 || total
-------------------------+-------+-------+-------+-------++-------
Melee: Rapier            |    94 |   137 |     7 |       ||   238
       Kick              |    23 |    48 |   159 |   124 ||   354
       Peck              |    10 |    31 |    91 |    82 ||   214
       Whip              |       |       |   368 |   334 ||   702
Throw: Boomerang         |       |       |    80 |     8 ||    88
       Dart              |       |       |     8 |       ||     8
Invok: Lunge             |       |       |     4 |    13 ||    17
       Whirlwind         |       |       |     6 |    49 ||    55
Evoke: Wand              |       |       |     1 |     2 ||     3
  Use: Potion            |       |     2 |     4 |     1 ||     7
       Scroll            |       |     6 |    13 |     2 ||    21
  Eat: Ration            |     1 |     2 |     3 |     2 ||     8
       Chunk             |       |     3 |     9 |    11 ||    23
Armor: Scale mail        |    34 |    40 |    76 |    71 ||   221
Dodge: Dodged            |    24 |    25 |    62 |    39 ||   150
Block: Kite shield       |    44 |    40 |   103 |   149 ||   336
       Reflection        |       |       |       |     4 ||     4

Table legend:
 A = Non-vault XP
 B = Vault XP
 C = Vault XP percentage of total XP
 D = Non-vault monster count
 E = Vault monster count
 F = Vault count percentage of total count
                 A         B        C        D         E       F
            +---------+---------+-------+---------+---------+-------
      Total |    6225 |    3776 |  37.8 |     183 |      73 |  28.5
            +---------+---------+-------+---------+---------+-------
        D:1 |      33 |       8 |  19.5 |      19 |       3 |  13.6
        D:2 |      89 |       0 |   0.0 |      21 |       0 |   0.0
        D:3 |     161 |      41 |  20.3 |      29 |       2 |   6.5
        D:4 |     360 |       0 |   0.0 |      21 |       0 |   0.0
        D:5 |     326 |       0 |   0.0 |      11 |       0 |   0.0
        D:6 |     290 |     657 |  69.4 |       9 |       9 |  50.0
        D:7 |     566 |     277 |  32.9 |      11 |       6 |  35.3
        D:8 |     376 |     215 |  36.4 |       8 |       1 |  11.1
        D:9 |    1247 |       0 |   0.0 |      16 |       0 |   0.0
       D:10 |    2091 |     340 |  14.0 |      27 |       3 |  10.0
       D:11 |     686 |    1387 |  66.9 |      11 |      10 |  47.6
      Sewer |       0 |     611 | 100.0 |       0 |      28 | 100.0
    Ossuary |       0 |     240 | 100.0 |       0 |      11 | 100.0
            +---------+---------+-------+---------+---------+-------
